Map: Winter Madness LE

Players

GhostRobo

  • Race: Terran Terran
  • Spawn Location: 11:00

VOD

Have the link to the VOD?

Description

Time

  • Played on: Dec. 11, 2025, 3:09 p.m.
  • Length: 25:00
Show
View Real Time Build Order
Export as new Build Order

GhostRobo Terran 

Build Orders:  

Get SALT Encoding   

  12  0:00  SCV  
  13  0:24  Supply Depot  
  13  0:25  SCV  
  14  0:42  SCV  
  15  1:01  Barracks  
  15  1:04  SCV  
  16  1:12  Refinery  
  16  1:21  SCV  
  17  1:38  SCV  
  18  2:10  Orbital Command  
  18  2:23  Barracks Reactor  
  18  2:24  Command Center  
  18  2:49  SCV  
  19  3:06  SCV  
  20  3:23  SCV  
  20  3:26  Refinery  
  20  3:28  Barracks  
  21  3:30  Marine  
  21  3:32  Barracks  
  22  3:40  SCV  
  23  4:04  Marine  
  23  4:06  Orbital Command  
  23  4:08  SCV  
  25  4:10  Supply Depot  
  25  4:25  SCV  
  26  4:38  Barracks Tech Lab x2  
  26  4:40  Marine  
  26  4:41  Marine  
  26  4:42  SCV  
  26  4:43  Stimpack  
  29  4:51  Factory  
  29  4:55  Engineering Bay  
  29  5:05  Marine  
  29  5:06  Marine  
  29  5:07  Unknown  
  31  5:16  SCV  
  32  5:22  SCV  
  33  5:31  Marine x2  
  35  5:40  Terran Infantry Weapons Level 1  
  35  5:46  SCV x2  
  37  5:57  Supply Depot  
  37  5:59  Supply Depot  
  37  6:03  SCV  
  37  6:05  Starport  
  37  6:08  Factory Reactor  
  38  6:16  Marine x3  
  41  6:25  SCV x2  
  43  6:41  SCV  
  43  6:45  Marine x3  
  43  6:46  Marine  
  48  7:02  Bunker  
  48  7:10  Marauder x2  
  52  7:20  Barracks, Factory Tech Lab  
  52  7:28  Barracks  
  52  7:33  Supply Depot  
  52  7:36  Marine  
  52  7:37  Supply Depot, Marine  
  54  7:40  Marauder x2  
  54  7:44  Medivac  
  54  7:48  Medivac  
  62  8:03  SCV x2  
  62  8:07  Marine  
  62  8:08  Marine  
  66  8:10  Marauder  
  66  8:18  Siege Tank  
  71  8:20  SCV x2  
  71  8:26  Terran Infantry Armor Level 1  
  73  8:37  SCV x2  
  75  9:07  Marine x3  
  78  9:18  Supply Depot  
  78  9:20  Marine  
  66  9:32  Marauder  
  54  9:40  Marine x2  
  54  9:45  Marauder, Siege Tank  
  59  9:50  Supply Depot  
  59  9:51  SCV x2  
  61  10:02  Marauder  
  61  10:04  Marine, Refinery  
  61  10:05  Marine  
  61  10:08  SCV x2  
  61  10:09  Refinery  
  67  10:14  Marauder, Medivac  
  71  10:23  Supply Depot  
  71  10:25  SCV x2  
  71  10:29  Marine  
  74  10:30  Marine, Barracks Tech Lab  
  74  10:32  Marauder  
  74  10:37  Barracks Reactor  
  77  10:42  SCV  
  77  10:44  Marauder  
  80  10:54  Marine  
  80  10:55  Marine  
  82  11:02  Marauder  
  84  11:14  Marauder  
  84  11:19  Marine  
  87  11:20  Marine  
  88  11:32  Marauder  
  90  11:40  Marine x3  
  90  11:44  Marauder, Marine, Siege Tank  
  90  11:46  Medivac  
  101  11:52  SCV  
  102  12:03  Supply Depot  
  102  12:08  Supply Depot  
  102  12:17  SCV  
  102  12:19  SCV  
  102  12:20  Marauder x2  
  102  12:29  Siege Tank  
  85  12:34  SCV  
  85  12:36  Supply Depot, SCV  
  85  12:37  Marine x3  
  85  12:38  Marauder, Marine  
  90  12:42  Supply Depot  
  90  12:43  Medivac  
  92  12:50  Marauder x2  
  96  13:08  Marauder, Command Center  
  96  13:09  Supply Depot  
  98  13:13  Siege Tank  
  98  13:15  Supply Depot, SCV x2  
  103  13:25  Marine x3  
  103  13:26  Marauder, Marine x2  
  110  13:32  SCV x2  
  110  13:35  Armory  
  110  13:38  Marauder  
  114  13:49  SCV  
  115  13:51  Marauder  
  115  13:56  Supply Depot, Marauder  
  115  13:57  Supply Depot  
  115  13:58  Siege Tank  
  122  14:08  Marauder, Medivac  
  126  14:21  Marauder  
  126  14:26  Marauder  
  130  14:30  Supply Depot  
  130  14:32  Supply Depot  
  130  14:43  Siege Tank  
  130  14:48  Medivac  
  135  14:50  Marine x4  
  135  14:51  Marauder x2  
  143  15:02  Supply Depot  
  143  15:03  Terran Infantry Armor Level 2  
  143  15:05  Supply Depot  
  143  15:13  Engineering Bay  
  143  15:18  Terran Vehicle Weapons Level 1  
  143  15:24  Orbital Command  
  143  15:28  Siege Tank  
  146  15:31  Refinery  
  146  15:37  Refinery  
  146  15:49  Marine x3  
  96  15:50  Marauder x3  
  149  15:52  Marine  
  149  15:58  Medivac  
  158  16:13  Terran Infantry Weapons Level 2, Siege Tank  
  158  16:14  Marine x3  
  158  16:19  Marauder  
  164  16:20  Marauder  
  164  16:24  Armory  
  168  16:51  Marine x4  
  168  16:52  Marauder x2  
  168  16:56  Medivac  
  168  16:58  Siege Tank  
  123  17:27  Marauder  
  123  17:28  Marauder x2, Marine x2  
  123  17:29  Marine x2  
  118  17:43  Siege Tank  
  108  17:53  Marine  
  104  18:15  Marine x3  
  104  18:16  Marine x3  
  102  18:28  Siege Tank  
  105  18:32  Medivac  
  107  18:41  Marauder x3  
  113  19:11  Marauder x2  
  113  19:13  Siege Tank  
  113  19:15  SCV x3  
  123  19:32  SCV x3  
  126  19:44  Marine x3  
  126  19:45  Marauder, Marine x2  
  126  19:46  Marauder  
  126  19:49  Terran Vehicle Weapons Level 2  
  135  19:52  Terran Vehicle And Ship Armor Level 1  
  135  19:56  Terran Infantry Weapons Level 3  
  135  19:58  Terran Infantry Armor Level 3, Siege Tank  
  135  19:59  Command Center  
  138  20:10  Marauder  
  138  20:11  Factory x2  
  138  20:15  Marauder  
  138  20:16  Factory  
  142  20:43  Siege Tank  
  145  21:05  Barracks  
  140  21:18  Marine x4  
  140  21:19  Marine x3  
  101  21:28  Siege Tank  
  101  21:30  Factory Tech Lab x2  
  101  21:31  Factory Tech Lab  
  101  21:43  Marine x4  
  101  21:44  Marine  
  106  22:03  Orbital Command  
  106  22:06  SCV  
  109  22:15  Barracks  
  108  22:21  SCV  
  108  22:23  SCV  
  109  22:31  Refinery  
  109  22:49  Refinery  
  109  23:05  Ghost Academy  
  109  23:33  Thor  
  109  23:34  Thor x2  
  109  23:38  Marine x2  
  109  23:39  Marine x4  
  139  23:40  Marine  
  140  24:03  Marine x2  
  140  24:04  Marauder, Barracks Tech Lab  
  138  24:26  Marine x3  
  138  24:27  Marine  
  138  24:28  Marine x2  
  138  24:29  Marine  
  87  25:00  Barracks Tech Lab  
Tags
 
Add a new tag
Caveats
  • Supply blocks, unpowered buildings, or Contaminate may cause inaccurate times.
  • Supply counts are checked every 10 seconds.